cohdb
Replays
Latest Replays
All Replays
Popular Replays
Top Player Replays
Match Explorer
How It Works
Community
CoH3 Stats
Reddit
Sign in to upload your games and track your stats! →
Sign in with Steam
2USF (1400elo) vs DAK WHER (1600elo)
Match 8103664
Overview
Messages
Build Orders
End
Pioneer Squad
Construct Infanterie Kompanie
Grenadier Squad
MG 42 Machine Gun Team
Grenadier Squad
Construct Panzergrenadier Kompanie
Medical Station
MG 42 Machine Gun Team
Selects Mechanized Battlegroup
Selects Raid Package
Selects 8 Rad Armored Car
8 Rad Armored Car
Pak 40 Anti-tank Gun Team
8 Rad Armored Car
Support Elements
8 Rad Armored Car
Pioneer Squad
StuG III G Assault Gun
Nebelwerfer 42 Rocket Launcher Team
StuG III G Assault Gun
Pak 40 Anti-tank Gun Team
Selects Fuel Seizure
Selects Zeroing Artillery Barrage
Zeroing Artillery Barrage
Zeroing Artillery Barrage
Pioneer Squad
AI Takeover
Remless
LaDin2
The Sage
白起
0
0
Comments
sign in to comment!
No comments posted yet!